[Event "December 5 Early 2023"]
[Site "https://www.chess.com"]
[Date "2023.12.05"]
[Round "9"]
[White "Balla, Tamas-Kristof"]
[Black "Player, Edmund C"]
[Result "1-0"]
[Board "128"]
[TimeControl "180+1"]
[WhiteFideId "1208497"]
[BlackFideId "406520"]
[WhiteElo "2412"]
[BlackElo "2243"]
[WhiteTeam "ROU"]
[BlackTeam "ENG"]
[WhiteClock "0:00:16"]
[BlackClock "0:00:03"]

1. e4 Nf6 2. e5 Nd5 3. c4 Nb6 4. d4 d6 5. f4 Nc6 6. Be3 dxe5 7. fxe5 Bf5 8. Nc3 e6 9. Nf3 Be7 10. Be2 Qd7 11. O-O O-O 12. Kh1 f6 13. exf6 Bxf6 14. Qd2 Rad8 15. Rad1 Bg4 16. d5 Bxf3 17. Bxf3 Nxc4 18. dxc6 Qxd2 19. Bxd2 Nxd2 20. cxb7 Nxf3 21. gxf3 Rb8 22. Ne4 Rxb7 23. b3 Be5 24. Rd7 Rf7 25. Rd8+ Rf8 26. Rd7 Rf7 27. Rd3 h6 28. Re1 Bf4 29. Nc5 Rb6 30. Nxe6 Re7 31. Rd8+ Kf7 32. Rf8+ Kg6 33. Nxf4+ Kg5 34. Rxe7 Rf6 35. Rxg7+ Kxf4 36. Rxf6+ Ke3 37. Rxh6 Kf2 38. Rg2+ Kf1 39. Rc6 a5 40. Rc1# 1-0

[Event "December 5 Early 2023"]
[Site "https://www.chess.com"]
[Date "2023.12.05"]
[Round "9"]
[White "Rodriguez Avila, Alvaro"]
[Black "Marchesich, Giovanni"]
[Result "0-1"]
[Board "129"]
[TimeControl "180+1"]
[WhiteFideId "24570249"]
[BlackFideId "2824790"]
[WhiteElo "2237"]
[BlackElo "2403"]
[WhiteTeam "ESP"]
[BlackTeam "ITA"]
[WhiteClock "0:00:00"]
[BlackClock "0:00:28"]

1. e4 e5 2. Nf3 Nc6 3. Bb5 a6 4. Ba4 Bc5 5. c3 Nge7 6. d4 exd4 7. cxd4 Bb4+ 8. Nc3 d5 9. exd5 Nxd5 10. O-O O-O 11. Nxd5 Qxd5 12. Bb3 Qh5 13. h3 Bd6 14. Re1 Bd7 15. Be3 Rae8 16. Rc1 Ne7 17. Ne5 Qxd1 18. Rexd1 Bf5 19. Bf4 Rd8 20. Bg3 Be4 21. Re1 Bd5 22. Bxd5 Nxd5 23. a3 Rfe8 24. Kh2 f6 25. Nf3 Bxg3+ 26. Kxg3 c6 27. Nd2 Kf7 28. Nc4 Rxe1 29. Rxe1 Ne7 30. Rd1 Rxd4 31. Re1 Nf5+ 32. Kh2 Rxc4 0-1

[Event "December 5 Early 2023"]
[Site "https://www.chess.com"]
[Date "2023.12.05"]
[Round "9"]
[White "Marcziter, Dmitrii"]
[Black "Chemin, Justo Reinaldo"]
[Result "1-0"]
[Board "130"]
[TimeControl "180+1"]
[WhiteFideId "13900765"]
[BlackFideId "2101580"]
[WhiteElo "2380"]
[BlackElo "2231"]
[WhiteTeam "GER"]
[BlackTeam "BRA"]
[WhiteClock "0:01:54"]
[BlackClock "0:00:23"]

1. d4 d5 2. c4 e6 3. Nc3 c6 4. e3 Nf6 5. Nf3 Nbd7 6. Qc2 dxc4 7. Bxc4 b5 8. Be2 a6 9. O-O c5 10. a3 Bb7 11. Rd1 Qc7 12. a4 b4 13. Nb1 Rc8 14. Nbd2 cxd4 15. Qxc7 Rxc7 16. Nxd4 Be7 17. N2b3 O-O 18. Bd2 Ne4 19. Be1 Rfc8 20. f3 Nec5 21. Na5 Nf6 22. e4 Ncd7 23. Nxb7 Rxb7 24. Bxa6 Rbc7 25. Bxc8 Rxc8 26. Bf2 Nc5 27. Rdc1 Ra8 28. Nc6 Bf8 29. Bxc5 1-0

[Event "December 5 Early 2023"]
[Site "https://www.chess.com"]
[Date "2023.12.05"]
[Round "9"]
[White "Osmonbekov, Talaibek"]
[Black "Kleibel, Uwe"]
[Result "1-0"]
[Board "131"]
[TimeControl "180+1"]
[WhiteFideId "2017253"]
[BlackFideId "1270982"]
[WhiteElo "2213"]
[BlackElo "2373"]
[WhiteTeam "USA"]
[BlackTeam "GER"]
[WhiteClock "0:00:14"]
[BlackClock "0:00:35"]

1. d4 d5 2. Nc3 Nf6 3. Bf4 e6 4. e3 Bb4 5. Bd3 O-O 6. Nf3 Nbd7 7. O-O c5 8. Nb5 c4 9. Bc7 Qe7 10. a3 cxd3 11. cxd3 Ne8 12. axb4 Nxc7 13. Nxc7 Rb8 14. Rxa7 Qxb4 15. Qd2 Qb6 16. Qa5 Qxb2 17. Nb5 b6 18. Qa4 Nf6 19. Ne5 Rd8 20. Nxf7 Rd7 21. Ne5 Rd8 22. Rc7 Nd7 23. Nc6 Rb7 24. Nxd8 Rxc7 25. Nxc7 Nf6 26. Ndxe6 Qc3 27. h3 Kf7 28. g4 Bxe6 29. Nxe6 Kxe6 30. Qa7 g6 31. Qxb6+ Kf7 32. Qb7+ Ke6 33. g5 Nd7 34. Qa6+ Ke7 35. Ra1 Qb2 36. Qa3+ Qxa3 37. Rxa3 Nf8 38. f4 Nd7 39. Kf2 Ke6 40. Kf3 Nb6 41. Rb3 Nc8 42. Rb5 Nd6 43. Rb6 Ke7 44. Rxd6 Kxd6 45. e4 Ke6 46. exd5+ Kd6 47. Ke4 Kd7 48. Ke5 Ke7 49. d6+ Kd7 50. d5 Kd8 51. Ke6 Ke8 52. d7+ Kd8 53. h4 h5 54. gxh6 g5 55. hxg5 1-0

[Event "December 5 Early 2023"]
[Site "https://www.chess.com"]
[Date "2023.12.05"]
[Round "9"]
[White "Seder, Mohammed"]
[Black "Michalski, Olaf"]
[Result "1-0"]
[Board "132"]
[TimeControl "180+1"]
[WhiteFideId "11505567"]
[BlackFideId "1106740"]
[WhiteElo "2359"]
[BlackElo "2206"]
[WhiteTeam "PLE"]
[BlackTeam "POL"]
[WhiteClock "0:01:14"]
[BlackClock "0:00:07"]

1. b3 d6 2. Bb2 e5 3. e3 f5 4. d4 exd4 5. Bc4 d5 6. Bd3 dxe3 7. Qh5+ g6 8. Qe2 Nf6 9. Qxe3+ Kf7 10. Nf3 Bb4+ 11. c3 Bd6 12. O-O Re8 13. Qh6 Kg8 14. c4 Qe7 15. Nbd2 Ng4 16. Qh3 f4 17. Rae1 Qf7 18. Ng5 1-0

[Event "December 5 Early 2023"]
[Site "https://www.chess.com"]
[Date "2023.12.05"]
[Round "9"]
[White "Tilahun , Abel Mathewos"]
[Black "Barath1308"]
[Result "0-1"]
[Board "133"]
[TimeControl "180+1"]
[WhiteFideId "15702391"]
[WhiteElo "2028"]
[BlackElo "2357"]
[WhiteTeam "ETH"]
[WhiteClock "0:00:09"]
[BlackClock "0:00:50"]

1. d4 Nf6 2. c4 g6 3. Nc3 Bg7 4. e4 d6 5. f3 Nc6 6. Be3 a6 7. Nge2 O-O 8. Qd2 Rb8 9. O-O-O b5 10. g4 b4 11. Nd5 Nd7 12. h4 e6 13. Ndf4 e5 14. Nd5 exd4 15. Bxd4 Nde5 16. Bxe5 Nxe5 17. Nd4 c5 18. Nf5 Bxf5 19. gxf5 Nxf3 20. Qf2 Nd4 21. f6 Bh6+ 22. Kb1 Re8 23. Bd3 Re5 24. h5 g5 25. Rhg1 Bf8 26. Rdf1 h6 27. Nf4 Kh8 28. Nd5 Kg8 29. Qg3 a5 30. Nf4 Qxf6 31. Ng6 Qe6 32. Nxe5 dxe5 33. Rf5 Nxf5 34. exf5 Qf6 35. Be4 Rd8 36. Rf1 Bg7 37. a3 Rd4 38. Bd5 e4 39. Qb3 Rd3 40. Qa4 Qxb2# 0-1

[Event "December 5 Early 2023"]
[Site "https://www.chess.com"]
[Date "2023.12.05"]
[Round "9"]
[White "Berezin, Viktor"]
[Black "Colonetti, Fabio"]
[Result "0-1"]
[Board "134"]
[TimeControl "180+1"]
[WhiteFideId "14107872"]
[BlackFideId "897612"]
[WhiteElo "2415"]
[BlackElo "2267"]
[WhiteTeam "UKR"]
[BlackTeam "ITA"]
[WhiteClock "0:00:11"]
[BlackClock "0:00:57"]

1. Nf3 d5 2. g3 c6 3. c4 dxc4 4. Bg2 b5 5. O-O Bb7 6. a4 Nf6 7. b3 cxb3 8. Qxb3 a6 9. d4 e6 10. Nc3 b4 11. Nb1 c5 12. Bb2 cxd4 13. Rd1 Be7 14. Rxd4 Qc7 15. Nbd2 O-O 16. Rc1 Nc6 17. Rh4 h6 18. Nd4 Nxd4 19. Rxc7 Nxb3 20. Bxb7 Nxd2 21. Bxa8 Nd5 22. Bxd5 Bxh4 23. gxh4 exd5 24. Rd7 Nc4 25. Bd4 Rb8 26. Rxd5 b3 0-1

[Event "December 5 Early 2023"]
[Site "https://www.chess.com"]
[Date "2023.12.05"]
[Round "9"]
[White "Ernst, Luca"]
[Black "Mushini Ajay"]
[Result "0-1"]
[Board "135"]
[TimeControl "180+1"]
[WhiteFideId "45117055"]
[BlackFideId "35066188"]
[WhiteElo "2252"]
[BlackElo "2400"]
[WhiteTeam "FRA"]
[BlackTeam "IND"]
[WhiteClock "0:00:01"]
[BlackClock "0:00:30"]

1. e4 c5 2. Nf3 d6 3. Bb5+ Bd7 4. Bxd7+ Qxd7 5. c4 e5 6. Nc3 Nc6 7. d3 Nge7 8. a3 g6 9. Nd5 Bg7 10. Bg5 Nxd5 11. cxd5 Nd4 12. Nxd4 exd4 13. O-O O-O 14. b4 b5 15. Rc1 Rfc8 16. bxc5 dxc5 17. f4 c4 18. f5 c3 19. f6 Bf8 20. Qb3 a5 21. h4 b4 22. a4 Qg4 23. e5 Re8 24. Rce1 h6 25. Bc1 Qg3 26. e6 Bd6 27. Bf4 Bxf4 28. exf7+ Kxf7 29. d6+ Kf8 30. Rxe8+ Rxe8 31. Rxf4 Qxf4 32. d7 Re1# 0-1

[Event "December 5 Early 2023"]
[Site "https://www.chess.com"]
[Date "2023.12.05"]
[Round "9"]
[White "Mickiewicz, Piotr"]
[Black "De Souza, Cristiano Gomes"]
[Result "1-0"]
[Board "136"]
[TimeControl "180+1"]
[WhiteFideId "1114891"]
[BlackFideId "2151758"]
[WhiteElo "2378"]
[BlackElo "2260"]
[WhiteTeam "POL"]
[BlackTeam "BRA"]
[WhiteClock "0:01:02"]
[BlackClock "0:01:31"]

1. e4 c5 2. Nf3 d6 3. Bb5+ Bd7 4. c4 Bxb5 5. cxb5 Nf6 6. d3 Nbd7 7. O-O g6 8. b3 Bg7 9. Bb2 O-O 10. Nbd2 a6 11. bxa6 Rxa6 12. a4 Qc7 13. Qc2 Rfa8 14. Rfe1 Qc6 15. d4 b5 16. d5 Qb7 17. axb5 Rxa1 18. Rxa1 Rxa1+ 19. Bxa1 Qxb5 20. Qc4 Qxc4 21. bxc4 Ng4 22. Bxg7 Kxg7 23. h3 Nge5 24. Kf1 Nxf3 25. Nxf3 Kf6 26. Ke2 Ne5 27. Nd2 g5 28. g3 e6 29. Ke3 exd5 30. exd5 Ng6 31. Ne4+ Kg7 32. Nxd6 Ne5 33. f4 gxf4+ 34. gxf4 Ng6 35. Nb7 1-0

[Event "December 5 Early 2023"]
[Site "https://www.chess.com"]
[Date "2023.12.05"]
[Round "9"]
[White "Zoete, Roelant"]
[Black "Spichkin, Alexander"]
[Result "1-0"]
[Board "137"]
[TimeControl "180+1"]
[WhiteFideId "40103269"]
[BlackFideId "4144074"]
[WhiteElo "2238"]
[BlackElo "2352"]
[WhiteTeam "NED"]
[BlackTeam "RUS"]
[WhiteClock "0:00:40"]
[BlackClock "0:00:36"]

1. e4 e5 2. Nf3 d5 3. exd5 e4 4. Nd4 Qxd5 5. Nb3 Nc6 6. Nc3 Qe5 7. Be2 Bf5 8. O-O O-O-O 9. Re1 Nf6 10. d3 Bd6 11. g3 exd3 12. Bxd3 Bxd3 13. Rxe5 Nxe5 14. cxd3 Bb4 15. d4 c5 16. a3 cxd4 17. axb4 dxc3 18. Qc2 Nf3+ 19. Kh1 Rhe8 20. Qxc3+ Kb8 21. Bf4+ Ka8 22. Qxf3 Ne4 23. Qe3 a6 24. Qb6 Rd7 25. Rxa6+ bxa6 26. Qxa6+ Ra7 27. Qc6+ Rb7 28. Qxe8+ Ka7 29. Be3+ Ka6 30. Qa4# 1-0

[Event "December 5 Early 2023"]
[Site "https://www.chess.com"]
[Date "2023.12.05"]
[Round "9"]
[White "Petrukhina, Olga"]
[Black "Tarasova, Viktoriya"]
[Result "1-0"]
[Board "138"]
[TimeControl "180+1"]
[WhiteFideId "13703935"]
[BlackFideId "4175840"]
[WhiteElo "2218"]
[BlackElo "2327"]
[WhiteTeam "KAZ"]
[BlackTeam "RUS"]
[WhiteClock "0:00:08"]
[BlackClock "0:00:02"]

1. d4 Nf6 2. c4 e6 3. g3 d5 4. Nf3 Bb4+ 5. Bd2 Be7 6. Bg2 O-O 7. O-O c6 8. Na3 Nbd7 9. Rc1 b6 10. Nb1 Bb7 11. Bf4 Rc8 12. Qa4 a5 13. cxd5 exd5 14. Nbd2 b5 15. Qc2 Nb6 16. b3 c5 17. dxc5 Bxc5 18. Qd3 Ne4 19. Nd4 Nxd2 20. Bxd2 b4 21. Be3 Qf6 22. Rfd1 Rfd8 23. Nf5 Bxe3 24. Nxe3 Rxc1 25. Rxc1 Qd6 26. Nf5 Qe5 27. Nd4 h6 28. e3 Qe8 29. h3 Rc8 30. Rxc8 Qxc8 31. Qb5 Qc1+ 32. Kh2 Qc7 33. Qe8+ Kh7 34. Nf5 g6 35. Ne7 Kg7 36. Qg8+ Kf6 37. Qf8 Qxe7 38. Qh8+ Ke6 39. Qd4 Nd7 40. Qa7 Bc6 41. Qxa5 Qd6 42. Qa7 Kf6 43. Qd4+ Ke7 44. h4 Qc5 45. Qh8 h5 46. Qh7 d4 47. exd4 Qd6 48. Bxc6 Qxc6 49. Qh8 Qf3 50. Kg1 Qd1+ 51. Kg2 Qxd4 52. Qxd4 Nf6 53. Qe3+ Kf8 54. Qe2 Kg7 55. Kf1 Ng8 56. Qf3 Nh6 57. Qf4 Nf5 58. Qxb4 1-0

[Event "December 5 Early 2023"]
[Site "https://www.chess.com"]
[Date "2023.12.05"]
[Round "9"]
[White "Cagara, Paulina"]
[Black "Korol, Dimitry"]
[Result "1-0"]
[Board "139"]
[TimeControl "180+1"]
[WhiteFideId "1124870"]
[BlackFideId "14108003"]
[WhiteElo "2217"]
[BlackElo "2296"]
[WhiteTeam "POL"]
[BlackTeam "UKR"]
[WhiteClock "0:01:07"]
[BlackClock "0:00:00"]

1. e4 c5 2. Nc3 g6 3. f4 Bg7 4. Nf3 Nc6 5. d3 d6 6. g3 e5 7. Bg2 Nge7 8. O-O Nd4 9. Ne2 O-O 10. c3 Nxf3+ 11. Bxf3 f5 12. exf5 Bxf5 13. fxe5 dxe5 14. Bg5 Qd7 15. Qb3+ Be6 16. Qxb7 Qxb7 17. Bxb7 Rxf1+ 18. Rxf1 Rb8 19. Bxe7 Rxb7 20. Bxc5 Rxb2 21. Nc1 Bd5 22. Rf2 Rb1 23. Ba3 Bh6 24. Rf1 a5 25. Re1 1-0

[Event "December 5 Early 2023"]
[Site "https://www.chess.com"]
[Date "2023.12.05"]
[Round "9"]
[White "Vila Dupla, Aurelio"]
[Black "Chirivi C, Jenny Astrid"]
[Result "1-0"]
[Board "140"]
[TimeControl "180+1"]
[WhiteFideId "2203383"]
[BlackFideId "4403061"]
[WhiteElo "2193"]
[BlackElo "2272"]
[WhiteTeam "ESP"]
[BlackTeam "COL"]
[WhiteClock "0:00:04"]
[BlackClock "0:00:00"]

1. Nf3 Nf6 2. d4 e6 3. g3 c5 4. c4 b6 5. Bg2 Bb7 6. O-O cxd4 7. Qxd4 Be7 8. Nc3 O-O 9. Rd1 a6 10. b3 Qc7 11. Bf4 Qc5 12. Bd6 Bxd6 13. Qxd6 Qxd6 14. Rxd6 Nc6 15. Rad1 Rab8 16. Ng5 Ne5 17. Bxb7 Rxb7 18. Nge4 Ne8 19. R6d2 f5 20. Nd6 Nxd6 21. Rxd6 Rf7 22. Na4 b5 23. cxb5 axb5 24. Nc5 Ra7 25. R1d2 Re7 26. Rb6 Nc6 27. Rxb5 Kf7 28. Rb6 Ne5 29. Rbd6 h5 30. h3 Ke8 31. f4 Nf7 32. Rb6 Ra8 33. a4 Nd8 34. Nb7 Nc6 35. Nd6+ Kf8 36. Nc4 Kf7 37. Kf2 Kf6 38. Kf3 d5 39. Ne3 Nd8 40. Nxd5+ Kf7 41. Nxe7 Kxe7 42. Rc2 Nf7 43. Rc7+ Kf6 44. Rbb7 Nd6 45. Rxg7 Nxb7 46. Rxb7 Rc8 47. Rb5 Rc3+ 48. e3 Rc1 49. a5 Rf1+ 50. Kg2 Ra1 51. b4 h4 52. Kf3 hxg3 53. Kxg3 Ra3 54. Kf3 Ra1 55. Rb6 Rf1+ 56. Ke2 Rh1 57. a6 Rxh3 58. b5 1-0

[Event "December 5 Early 2023"]
[Site "https://www.chess.com"]
[Date "2023.12.05"]
[Round "9"]
[White "Vanek, Tomas"]
[Black "Vifleemskaia, Svetlana"]
[Result "1-0"]
[Board "141"]
[TimeControl "180+1"]
[WhiteFideId "313459"]
[BlackFideId "4129490"]
[WhiteElo "2149"]
[BlackElo "2268"]
[WhiteTeam "CZE"]
[BlackTeam "RUS"]
[WhiteClock "0:00:09"]
[BlackClock "0:00:00"]

1. e4 e5 2. Nf3 Nc6 3. Bb5 a6 4. Ba4 Bc5 5. d3 Nge7 6. c3 O-O 7. b4 Ba7 8. Bb3 d6 9. a4 b5 10. axb5 axb5 11. Ra2 Be6 12. O-O Qd7 13. Bxe6 Qxe6 14. Re2 h6 15. Nbd2 f5 16. Qb3 Qxb3 17. Nxb3 fxe4 18. dxe4 Ng6 19. Be3 Bxe3 20. Rxe3 Ra3 21. Nfd2 Rfa8 22. g3 Ra2 23. f4 Rb2 24. f5 Nf8 25. h4 Nd7 26. g4 Raa2 27. Rf2 Nf6 28. Rg2 h5 29. gxh5 Nxh5 30. Rg5 Nf4 31. f6 Rxd2 32. Nxd2 Rxd2 33. Rxg7+ Kf8 34. Rxc7 Nd8 35. Rc8 Ne6 36. Rb8 Kf7 37. Rf3 Re2 38. Rxb5 Rxe4 39. Rd5 Rg4+ 40. Kf1 Rxh4 41. Rxd6 Rh6 42. Rd7+ Kf8 43. b5 Rh1+ 44. Kg2 Rb1 45. c4 Nf4+ 46. Kg3 Nde6 47. Ra7 Rc1 48. Ra8+ Kf7 49. b6 Kxf6 50. b7 1-0

[Event "December 5 Early 2023"]
[Site "https://www.chess.com"]
[Date "2023.12.05"]
[Round "9"]
[White "Mirzoev, Azer"]
[Black "Zampronha, Wladimir Camilo"]
[Result "1-0"]
[Board "142"]
[TimeControl "180+1"]
[WhiteFideId "13400304"]
[BlackFideId "2103087"]
[WhiteElo "2599"]
[BlackElo "2358"]
[WhiteTeam "AZE"]
[BlackTeam "BRA"]
[WhiteClock "0:01:07"]
[BlackClock "0:00:11"]

1. c4 Nf6 2. Nc3 e6 3. e4 c5 4. e5 Ng8 5. d4 cxd4 6. Qxd4 Nc6 7. Qe4 d6 8. exd6 Bxd6 9. Qg4 g6 10. Bg5 f6 11. Bd2 e5 12. Qh4 Be6 13. O-O-O Qe7 14. Be3 a6 15. f3 Rc8 16. Kb1 Qf7 17. Nd5 Bxd5 18. cxd5 Nd8 19. Ne2 Ne7 20. Nc3 Nf5 21. Qf2 Nxe3 22. Qxe3 O-O 23. Ne4 Qe7 24. h4 Nf7 25. h5 g5 26. Bd3 Kh8 27. g4 Bc5 28. Qe2 Nd6 29. Rhe1 Nxe4 30. Qxe4 Bd6 31. h6 Rc5 32. a3 Rfc8 33. Qf5 R8c7 34. Be4 b5 35. Qe6 Rc8 36. Re3 R5c7 37. Ka2 Qxe6 38. dxe6 Be7 39. Rd7 Kg8 40. Red3 Kf8 41. Bb7 Rxd7 42. exd7 Rd8 43. Bxa6 b4 44. a4 Kf7 45. Kb3 Ke6 46. Bc4# 1-0

[Event "December 5 Early 2023"]
[Site "https://www.chess.com"]
[Date "2023.12.05"]
[Round "9"]
[White "IranianCheetah"]
[Black "Kononenko, Dmitry"]
[Result "1-0"]
[Board "143"]
[TimeControl "180+1"]
[BlackFideId "14113538"]
[WhiteElo "2308"]
[BlackElo "2570"]
[BlackTeam "UKR"]
[WhiteClock "0:01:02"]
[BlackClock "0:00:06"]

1. e4 d5 2. exd5 Qxd5 3. Nc3 Qa5 4. d4 Nf6 5. Nf3 Bg4 6. h3 Bh5 7. Bc4 Nc6 8. g4 Bg6 9. Bb5 O-O-O 10. Bxc6 bxc6 11. Qe2 e5 12. Nxe5 Kb7 13. Qc4 Be4 14. O-O Bd6 15. Nxe4 Nxe4 16. Qxc6+ Kb8 17. Qxe4 Bxe5 18. dxe5 h5 19. g5 f5 20. Qxf5 Rhf8 21. Qe4 Rd5 22. f4 Rfd8 23. Be3 Qb5 24. c4 Qb4 25. Bxa7+ Kxa7 26. Qxd5 Rxd5 27. cxd5 Qc5+ 28. Rf2 Qxd5 29. Re1 Qe6 30. f5 Qe8 31. e6 Kb7 32. e7 Kc8 33. f6 gxf6 34. gxf6 Qg6+ 35. Kh2 Qd3 36. e8=Q+ Kb7 37. Re3 Qd6+ 38. Kg2 Qd5+ 39. Qe4 c6 40. Qxd5 cxd5 41. f7 d4 42. Re6 d3 43. f8=Q d2 44. Rf7# 1-0

[Event "December 5 Early 2023"]
[Site "https://www.chess.com"]
[Date "2023.12.05"]
[Round "9"]
[White "Minko, Dmitry"]
[Black "Sarkar, Justin"]
[Result "1-0"]
[Board "144"]
[TimeControl "180+1"]
[WhiteFideId "24188468"]
[BlackFideId "2010011"]
[WhiteElo "2492"]
[BlackElo "2285"]
[WhiteTeam "FID"]
[BlackTeam "USA"]
[WhiteClock "0:00:50"]
[BlackClock "0:00:00"]

1. e4 c5 2. Nf3 Nc6 3. d4 cxd4 4. Nxd4 e6 5. Nxc6 bxc6 6. Bd3 Nf6 7. O-O d5 8. Nd2 Be7 9. c4 O-O 10. Qc2 e5 11. f4 dxe4 12. Nxe4 Nxe4 13. Bxe4 f5 14. Bf3 e4 15. Be2 Bc5+ 16. Kh1 a5 17. Bd2 Be6 18. Bc3 Qe7 19. Rad1 Bb4 20. Be5 Rfd8 21. Qa4 Qc5 22. a3 Bd2 23. Qc2 e3 24. Rf3 a4 25. Rg3 Rd7 26. Bf3 Qxc4 27. Qxc4 Bxc4 28. Bxc6 e2 29. Rg1 Rad8 30. Bxd7 Rxd7 31. Bc3 e1=Q 32. Rxe1 Bxe1 33. Bxe1 Rd1 34. Re3 Rb1 35. h3 Rxb2 36. g4 fxg4 37. hxg4 Bd5+ 38. Kg1 Rg2+ 39. Kf1 Rxg4 40. Bb4 Rxf4+ 41. Kg1 h5 42. Re8+ Kf7 43. Rf8+ Kg6 44. Rxf4 1-0

[Event "December 5 Early 2023"]
[Site "https://www.chess.com"]
[Date "2023.12.05"]
[Round "9"]
[White "Shevchuk, Olexandr"]
[Black "Clawitter, Craig"]
[Result "1-0"]
[Board "145"]
[TimeControl "180+1"]
[WhiteFideId "14113775"]
[BlackFideId "2023105"]
[WhiteElo "2420"]
[BlackElo "2241"]
[WhiteTeam "UKR"]
[BlackTeam "USA"]
[WhiteClock "0:02:27"]
[BlackClock "0:00:31"]

1. d4 e6 2. c4 Nf6 3. g3 d5 4. Nf3 Be7 5. Bg2 O-O 6. O-O dxc4 7. Qc2 a6 8. a4 Bd7 9. Rd1 Bc6 10. Nc3 Bxf3 11. Bxf3 Nc6 12. Bxc6 bxc6 13. a5 Qc8 14. Ra4 c5 15. dxc5 Bxc5 16. Rxc4 Ba7 17. Bf4 Bb8 18. Ne4 Nd5 19. Bd6 Rd8 20. Ba3 Nf6 21. Nxf6+ gxf6 22. Rg4+ Kh8 23. Be7 Rxd1+ 24. Qxd1 f5 25. Bf6# 1-0

[Event "December 5 Early 2023"]
[Site "https://www.chess.com"]
[Date "2023.12.05"]
[Round "9"]
[White "Lopusiewicz, Piotr"]
[Black "Florianovitz, Derlei Alex"]
[Result "1-0"]
[Board "146"]
[TimeControl "180+1"]
[WhiteFideId "1116029"]
[BlackFideId "2114178"]
[WhiteElo "2415"]
[BlackElo "2202"]
[WhiteTeam "POL"]
[BlackTeam "BRA"]
[WhiteClock "0:00:56"]
[BlackClock "0:00:00"]

1. d4 Nf6 2. c4 e6 3. Nf3 d5 4. Nc3 Be7 5. Bf4 O-O 6. e3 c6 7. Rc1 Nbd7 8. Qc2 dxc4 9. Bxc4 b5 10. Bd3 Bb7 11. O-O a6 12. a4 b4 13. Ne4 Nxe4 14. Bxe4 Rc8 15. Bxh7+ Kh8 16. Bd3 c5 17. Qe2 f5 18. Bxa6 Bxa6 19. Qxa6 Rf6 20. Be5 Nxe5 21. dxe5 Rh6 22. Rfd1 Qe8 23. Qb5 Qh5 24. Rd7 Re8 25. Qb7 Bf8 26. h4 Rg6 27. g3 Qg4 28. Ng5 c4 29. a5 Rxg5 30. hxg5 Qxg5 31. a6 1-0

[Event "December 5 Early 2023"]
[Site "https://www.chess.com"]
[Date "2023.12.05"]
[Round "9"]
[White "Pertinez Soria, Juan Luis"]
[Black "Mayaud, Raphael"]
[Result "0-1"]
[Board "147"]
[TimeControl "180+1"]
[WhiteFideId "2225620"]
[BlackFideId "627151"]
[WhiteElo "2164"]
[BlackElo "2406"]
[WhiteTeam "ESP"]
[BlackTeam "FRA"]
[WhiteClock "0:00:16"]
[BlackClock "0:00:14"]

1. d4 d5 2. Nf3 Nf6 3. Bf4 e6 4. e3 c5 5. Nbd2 Nc6 6. c3 Nh5 7. Bg5 f6 8. Bh4 g6 9. h3 cxd4 10. exd4 Bd6 11. Bd3 Nf4 12. Bf1 Qc7 13. Bg3 Bd7 14. Bxf4 Bxf4 15. Qb3 O-O 16. g3 Bd6 17. Bg2 Na5 18. Qc2 Nc4 19. O-O Rac8 20. Nxc4 Qxc4 21. Rfe1 b5 22. a3 a5 23. Qd2 Rc7 24. Rac1 Qc6 25. h4 Kg7 26. Bh3 Re8 27. Re3 b4 28. axb4 axb4 29. Rce1 Kf7 30. h5 bxc3 31. bxc3 Qc4 32. Qc2 Ra7 33. hxg6+ hxg6 34. Nh4 f5 35. Nf3 Kf6 36. R3e2 Ra3 37. Qd2 Qxc3 38. Qg5+ Kf7 39. Nh4 Rg8 40. Bxf5 gxf5 41. Qh5+ Kf8 42. Ng6+ Rxg6 43. Qxg6 Qxd4 44. Re3 Rxe3 45. Rxe3 Qg7 46. Qh5 f4 47. Rf3 Ke7 48. Qh4+ Qf6 49. Qh7+ Qf7 50. Qh4+ Ke8 51. Qh8+ Ke7 52. Qh4+ Qf6 53. Qh7+ Kd8 54. Qg8+ Be8 55. gxf4 Qg6+ 56. Qxg6 Bxg6 57. Kh2 Be4 58. Rb3 Bxf4+ 59. Kh3 Ke7 60. Kg4 Be5 61. f4 Bd4 62. Rb6 Kf6 63. Rb7 Bf5+ 64. Kf3 Bc5 65. Rc7 Be4+ 66. Kg4 Bd6 67. Rc6 Ke7 68. Ra6 Bf5+ 69. Kf3 Kd7 70. Rb6 Be7 71. Ra6 Bf6 72. Rb6 d4 73. Ra6 d3 74. Ke3 Ke7 75. Ra2 Kf7 76. Rh2 Ke7 77. Rg2 Kd6 78. Rh2 Kd5 79. Ra2 Kc4 80. Ra8 Kc3 81. Rc8+ Kb2 82. Rb8+ Kc2 83. Rc8+ Kd1 84. Rd8 Ke1 85. Rd6 Kf1 86. Rd7 Kg2 87. Rd6 Kf1 88. Rd7 Bc3 89. Rd6 d2 90. Rd7 Ke1 91. Rd6 d1=Q 92. Rxd1+ Kxd1 93. Kf3 Bf6 94. Kg3 Kd2 95. Kf3 Kd3 96. Kf2 Ke4 97. Kg3 Ke3 98. Kg2 Kxf4 99. Kf1 Ke3 100. Ke1 Kd3 101. Kf1 e5 102. Ke1 e4 103. Kd1 e3 104. Ke1 Bc3+ 105. Kf1 e2+ 106. Kg2 Be4+ 107. Kg3 e1=Q+ 108. Kf4 Qe3+ 109. Kg4 Qf3+ 110. Kg5 Bf6+ 111. Kh6 Qf4+ 112. Kh5 Qg5# 0-1

[Event "December 5 Early 2023"]
[Site "https://www.chess.com"]
[Date "2023.12.05"]
[Round "9"]
[White "Rosh Jain"]
[Black "Biriukov, Ilja"]
[Result "1-0"]
[Board "148"]
[TimeControl "180+1"]
[WhiteFideId "25789465"]
[BlackFideId "4113373"]
[WhiteElo "2385"]
[BlackElo "2142"]
[WhiteTeam "IND"]
[BlackTeam "RUS"]
[WhiteClock "0:00:13"]
[BlackClock "0:00:00"]

1. e3 e5 2. d4 exd4 3. exd4 d5 4. Nf3 Bg4 5. Be2 Bd6 6. O-O Ne7 7. h3 Bh5 8. Be3 Nbc6 9. c4 dxc4 10. Bxc4 Qd7 11. Nc3 O-O-O 12. Nb5 f6 13. Qb3 Kb8 14. Be6 Qe8 15. d5 Bxf3 16. dxc6 Bxc6 17. Bxa7+ Ka8 18. Nxd6 Rxd6 19. Bc5 Rxe6 20. Qxe6 Qg6 21. Qg4 Nf5 22. Qxg6 hxg6 23. f3 Ng3 24. Rfe1 Rd8 25. Rad1 Rxd1 26. Rxd1 b6 27. Rd8+ Kb7 28. Bf2 Nf5 29. f4 Be4 30. g4 Nd6 31. Rg8 Bd5 32. Rxg7 Bxa2 33. Rxg6 f5 34. g5 Bd5 35. h4 Bf7 36. Rf6 Bh5 37. Rh6 Bg4 38. h5 Ne4 39. g6 Nf6 40. g7 Nxh5 41. g8=Q Nxf4 42. Rh4 Ne2+ 43. Kf1 Nf4 44. Rxg4 fxg4 45. Qxg4 Nd5 46. Qe4 c6 47. Bxb6 Kxb6 48. Ke2 Kb5 49. Kd2 Kc5 50. Kc2 Nb4+ 51. Kb3 Nd5 52. Qc4+ Kd6 53. Ka2 Nb6 54. Qd4+ 1-0

[Event "December 5 Early 2023"]
[Site "https://www.chess.com"]
[Date "2023.12.05"]
[Round "9"]
[White "BestestBP"]
[Black "Viskelis, Darius"]
[Result "1-0"]
[Board "149"]
[TimeControl "180+1"]
[BlackFideId "12800830"]
[WhiteElo "2064"]
[BlackElo "2375"]
[BlackTeam "LTU"]
[WhiteClock "0:00:12"]
[BlackClock "0:01:14"]

1. d4 d5 2. Nf3 c5 3. c4 cxd4 4. Nxd4 e5 5. Nf3 d4 6. e3 Nc6 7. exd4 exd4 8. Bd3 Nf6 9. O-O Be7 10. Re1 O-O 11. Bg5 Bg4 12. h3 Bh5 13. Nbd2 h6 14. Bh4 Re8 15. g4 Bg6 16. Bxg6 fxg6 17. Qb3 Qb6 18. Qd3 Kh7 19. b3 Nb4 20. Qxd4 Nc2 21. Qd3 Nxa1 22. Ne5 Nxg4 23. Nxg4 Bxh4 24. Rxa1 h5 25. Nf3 Bf6 26. Nxf6+ Qxf6 27. Rd1 Rf8 28. Nd4 Qxf2+ 29. Kh1 Rad8 30. Qc3 Rf3 31. Qxf3 Qxf3+ 32. Nxf3 Rxd1+ 33. Kg2 Ra1 34. a4 Rb1 35. Nd4 Rb2+ 36. Kg3 a5 37. h4 Kg8 38. Kf4 Kf7 39. Ke5 Rh2 40. Nf3 Rh3 41. Ng5+ Ke7 42. Nxh3 g5 43. Nxg5 g6 44. Kd4 Kf6 45. Kc5 Kf5 46. Kb6 Kg4 47. Kxb7 Kxh4 48. Ne4 g5 49. c5 g4 50. c6 g3 51. Nxg3 Kxg3 52. c7 h4 53. c8=Q h3 54. Qg8+ Kh2 55. Qh7 Kh1 56. Ka6 h2 57. Kxa5 Kg1 58. Qxh2+ Kxh2 59. b4 1-0